 Dungeon Sprint DCSS version 0.29-a0-284-gf9362112df (webtiles) character file.

Game seed: 5900115468104648556

21374 mhtbhm the Phalangite (level 12, -4/201 HPs)
             Began as a Minotaur Berserker on Mar 27, 2022.
             Was the Champion of Trog.
             Slain by a yaktaur captain (19 damage)
             ... in the Dungeon (Sprint III: "The Ten Rune Challenge").
             The game lasted 00:08:12 (4384 turns).

mhtbhm the Phalangite (Minotaur Berserker)          Turns: 4384, Time: 00:08:13

Health: -4/201     AC: 17    Str: 27    XL:     12   Next: 53%
Magic:  11/11      EV: 11    Int:  2    God:    Trog [******]
Gold:   3585       SH:  5    Dex: 12    Spells: 11/11 levels left

rFire   . . .      SeeInvis .   c - +3 bardiche (vorpal)
rCold   . . .      Faith    .   (shield currently unavailable)
rNeg    . . .      Spirit   .   b - +0 plate armour
rPois   .          Reflect  +   (helmet restricted)
rElec   .          Harm     .   (no cloak)
rCorr   .          Rampage  .   (no gloves)
Will    .....      NoTele   +   (no boots)
Stlth   ..........              r - amulet of reflection
HPRegen 0.43/turn               (no ring)
MPRegen 0.12/turn               (no ring)

@: berserking, hasted, very quick
A: horns 2, retaliatory headbutt, agile 1, dopey 1
a: Renounce Religion, Berserk, Trog's Hand, Brothers in Arms


You were in the Dungeon.
You worshipped Trog.
Trog was exalted by your worship.
You visited 1 branch You collected 4704 gold pieces.
You spent 1119 gold pieces at shops.

Inventory:

Hand Weapons
 a - the +4 demon trident of the Shouting Rat {vamp, Will+ Dex+5}
   (You found it in the Dungeon)

   It occasionally heals its wielder for a portion of the damage dealt when it
   wounds a living foe.
   Dex:       It affects your dexterity (+5).
   Will:      It increases your willpower.
 c - a +3 vorpal bardiche (weapon)
Missiles
 j - 5 javelins (quivered)
 o - 7 curare-tipped darts
Armour
 b - a +0 plate armour (worn)
Jewellery
 r - an amulet of reflection (around neck)
 t - a ring of fire
Wands
 e - a wand of flame (21)
 i - a wand of polymorph (6)
 l - a wand of digging (5)
Scrolls
 k - a scroll of enchant weapon
 p - a scroll of enchant armour
 u - a scroll of fear
 v - a scroll of vulnerability
Potions
 d - 2 potions of heal wounds
 f - 2 potions of magic
 g - 3 potions of berserk rage
 m - 2 potions of invisibility
 n - 3 potions of might
 q - 2 potions of curing
 s - a potion of ambrosia {unknown}
Miscellaneous
 h - a phantom mirror


   Skills:
 + Level 20.7 Fighting
 + Level 24.8 Polearms
 + Level 16.2 Armour
 + Level 10.0 Dodging
 + Level 5.4 Stealth
 + Level 2.3 Shields
 - Level 3.0 Unarmed Combat
 + Level 4.4 Evocations


You had 11 spell levels left.
You didn't know any spells.
Your spell library was empty.

Dungeon Overview and Level Annotations

Branches:
Dungeon (1/1)

Altars:
Cheibriados
Dithmenos
Elyvilon
Fedhas
Gozag
Hepliaklqana
Kikubaaqudgha
Makhleb
Nemelex Xobeh
Okawaru
Qazlal
Ru
Sif Muna
Trog
Uskayaw
Vehumet
Wu Jian
Xom
Yredelemnul
Zin
The Shining One
Beogh
Jiyva
Lugonu

Shops:
D :=?=*[?:(?!=


Innate Abilities, Weirdness & Mutations

You have a pair of horns on your head.
You reflexively headbutt those who attack you in melee.
You are agile. (Dex +2)
You are dopey. (Int -2)


Message History

The yaktaur captain shoots a bolt.
You reflect the bolt off an invisible shield around you!
The bolt hits the yaktaur captain!!
Space warps around the yaktaur captain!
The yaktaur captain shoots a bolt.
The bolt hits you.
The yaktaur captain draws strength from your wounds!
Unknown command.
The yaktaur captain shoots a bolt.
The bolt hits you!!! You resist with some effort.
The yaktaur captain shoots a bolt.
The bolt hits you!!!
The yaktaur captain draws strength from your wounds!
The yaktaur captain shoots a bolt.
The bolt hits you!!
* * * LOW HITPOINT WARNING * * *
You feel yourself speed up.
There is an open door, spattered with blood here.
Things that are here:
a glowing shapeshifter corpse; a glowing shapeshifter corpse You feel much better.
You start resting.
A yaktaur captain is nearby!
A red film seems to cover your vision as you go berserk!
You feel yourself moving faster!
You feel mighty!
You feel a strong urge to attack something.
The yaktaur captain shoots a bolt.
The bolt hits you!!!
* * * LOW HITPOINT WARNING * * *
The bolt burns you.
* * * LOW HITPOINT WARNING * * *
There is an open door, spattered with blood here.
Things that are here:
a glowing shapeshifter corpse; a glowing shapeshifter corpse The yaktaur captain unwields a +2 arbalest of chaos.
The yaktaur captain hits you!
* * * LOW HITPOINT WARNING * * *
You slice the yaktaur captain!!
The yaktaur captain is heavily wounded.
You barely miss the yaktaur captain.
The yaktaur captain is heavily wounded.
You hit the yaktaur captain.
The yaktaur captain is heavily wounded.
The yaktaur captain hits you!!
You die...

≈≈###.......'..#..cPP.#
,##.#.#####.####......#
##..'.#..)'.#|.#......#
.'..#######.'..#......#
#####.....#.####......#
⌠⌠..#..#..#.#..#......#
⌠⌠∩.#.#.#.#)'..#......#
∩∩∩.#.....#)#..#......#
∩∩∩.#.....#.#.)†@c....#
....#.#)#.).#..#......#
''###..#..#.#..#......#
..8.#)....###########+#
....#######**********,*
....#,,,*,*,,,,,,,,*,,*
....#,,,***,,,,,,,,+,,*
....#,,,,,,,,,,,,,,+,,*
#####,,,,,,,,,,,,,,*,,*


You could see a yaktaur captain.

Vanquished Creatures
  Sigmund (D)
  A fire dragon (D)
  Erolcha (D)
  A two-headed ogre (shapeshifter) (D)
  A centaur warrior (D)
  4 dancing weapons (D)
  2 orc high priests (D)
  A deep elf knight (D)
  Urug (D)
  An obsidian statue (D)
  A lindwurm (D)
  3 deep elf pyromancers (D)
  2 deep elf zephyrmancers (D)
  3 orc sorcerers (D)
  An ugly thing (D)
  A moth of wrath (shapeshifter) (D)
  A cyclops (shapeshifter) (D)
  Edmund (D)
  2 cane toads (D)
  A rime drake (D)
  A komodo dragon (D)
  3 wandering mushrooms (D)
  4 spriggan defenders (D)
  2 tyrant leeches (D)
  3 slime creatures (D)
  5 blink frogs (D)
  A slime creature (shapeshifter) (D)
  A shadow (D)
  5 redbacks (D)
  A spatial vortex (D)
  A swamp drake (D)
  5 two-headed ogres (D)
  A necrophage (D)
  A water elemental (D)
  A scorpion (D)
  A jelly (D)
  7 orc priests (D)
  Jessica (D)
  An orc wizard (D)
  A wizard (D)
  A necromancer (D)
  3 humans (D)
  A kobold demonologist (D)
  7 orcs (D)
  2 endoplasms (D)
  A rat (D)
91 creatures vanquished.

Vanquished Creatures (others)
  2 orcs (D)
  A bush (D)
  8 plants (D)
11 creatures vanquished.

Grand Total: 102 creatures vanquished

Notes
Turn   | Place    | Note
-------+----------+-------------------------------------------
     0 | D        | mhtbhm the Minotaur Berserker began the quest for the Orb.
     0 | D        | Reached XP level 1. HP: 19/19 MP: 0/0
    16 | D        | Reached skill level 4 in Polearms
    97 | D        | Noticed Jessica
   114 | D        | Killed Jessica
   114 | D        | Reached ** piety under Trog
   115 | D        | Reached skill level 5 in Fighting
   115 | D        | Reached skill level 5 in Polearms
   115 | D        | Reached XP level 2. HP: 21/29 MP: 1/1
   115 | D        | Reached XP level 3. HP: 26/36 MP: 2/2
   257 | D        | Noticed a scorpion
   264 | D        | Killed a scorpion
   265 | D        | Reached skill level 6 in Polearms
   265 | D        | Reached skill level 1 in Stealth
   265 | D        | Reached skill level 1 in Unarmed Combat
   265 | D        | Reached XP level 4. HP: 45/45 MP: 3/3
   271 | D        | Reached skill level 7 in Polearms
   333 | D        | Gained mutation: You have hidden genetic defects. [potion
                  | of mutation]
   333 | D        | Gained mutation: Armour fits poorly on your strangely
                  | shaped body. [potion of mutation]
   333 | D        | Gained mutation: Your natural rate of healing is unusually
                  | fast. [potion of mutation]
   334 | D        | Lost mutation: Armour fits poorly on your strangely shaped
                  | body. [potion of mutation]
   334 | D        | Lost mutation: Your natural rate of healing is unusually
                  | fast. [potion of mutation]
   334 | D        | Gained mutation: You are agile. (Dex +2) [potion of
                  | mutation]
   334 | D        | Gained mutation: Your spells are a little harder to cast,
                  | but a little more powerful. [potion of mutation]
   338 | D        | Noticed a water elemental
   344 | D        | Killed a water elemental
   344 | D        | Reached *** piety under Trog
   345 | D        | Reached skill level 8 in Polearms
   345 | D        | Reached XP level 5. HP: 53/53 MP: 4/4
   352 | D        | Lost mutation: Your spells are a little harder to cast, but
                  | a little more powerful. [hidden defects]
   388 | D        | Found a radiant altar of Vehumet.
   388 | D        | Found a shimmering blue altar of Sif Muna.
   388 | D        | Found an ancient bone altar of Kikubaaqudgha.
   398 | D        | Reached skill level 9 in Polearms
   398 | D        | Reached skill level 5 in Armour
   414 | D        | Gained mutation: You are dopey. (Int -2) [hidden defects]
   414 | D        | Lost mutation: You have hidden genetic defects. [hidden
                  | defects expressed]
   450 | D        | Found a glowing silver altar of Zin.
   450 | D        | Found a glowing golden altar of the Shining One.
   450 | D        | Found a white marble altar of Elyvilon.
   451 | D        | Noticed a deep elf pyromancer
   454 | D        | Noticed a fire elemental
   463 | D        | Found a hide-covered altar of Uskayaw.
   463 | D        | Found an iron altar of Okawaru.
   463 | D        | Found a bloodstained altar of Trog.
   463 | D        | Found an ornate altar of the Wu Jian Council.
   463 | D        | Noticed a human
   463 | D        | Noticed a human
   474 | D        | Killed a deep elf pyromancer
   474 | D        | Reached **** piety under Trog
   475 | D        | Reached skill level 11 in Polearms
   475 | D        | Reached XP level 6. HP: 59/68 MP: 5/5
   475 | D        | Reached XP level 7. HP: 64/74 MP: 6/6
   480 | D        | Killed a human
   481 | D        | Reached skill level 12 in Polearms
   846 | D        | Killed a human
   891 | D        | Found a basalt altar of Yredelemnul.
   891 | D        | Found a shadowy altar of Dithmenos.
   891 | D        | Found a sacrificial altar of Ru.
   906 | D        | Reached ***** piety under Trog
   907 | D        | Reached XP level 8. HP: 81/85 MP: 7/7
  1031 | D        | Reached skill level 13 in Polearms
  1116 | D        | Found a blossoming altar of Fedhas.
  1116 | D        | Found a stormy altar of Qazlal.
  1116 | D        | Found a snail-covered altar of Cheibriados.
  1116 | D        | Found a burning altar of Makhleb.
  1116 | D        | Found a shimmering altar of Xom.
  1117 | D        | Found a hazy altar of Hepliaklqana.
  1117 | D        | Found an opulent altar of Gozag.
  1117 | D        | Found a sparkling altar of Nemelex Xobeh.
  1117 | D        | Found a corrupted altar of Lugonu.
  1117 | D        | Found a viscous altar of Jiyva.
  1225 | D        | Received a gift from Trog
  1226 | D        | Reached skill level 1 in Evocations
  1329 | D        | Noticed a two-headed ogre
  1334 | D        | Killed a two-headed ogre
  1335 | D        | Reached skill level 14 in Polearms
  1416 | D        | Noticed a two-headed ogre
  1416 | D        | Noticed Erolcha
  1418 | D        | Killed Erolcha
  1419 | D        | Reached XP level 9. HP: 96/96 MP: 8/8
  1423 | D        | Killed a two-headed ogre
  1424 | D        | Reached skill level 15 in Polearms
  1424 | D        | Reached skill level 5 in Stealth
  1425 | D        | Reached skill level 15 in Fighting
  1593 | D        | Noticed a wandering mushroom
  1597 | D        | Noticed a wandering mushroom
  1602 | D        | Killed a wandering mushroom
  1603 | D        | Noticed a wandering mushroom
  1609 | D        | Killed a wandering mushroom
  1610 | D        | Reached skill level 16 in Polearms
  1614 | D        | Killed a wandering mushroom
  1621 | D        | Noticed a cane toad
  1621 | D        | Noticed a komodo dragon
  1621 | D        | Noticed a cane toad
  1629 | D        | Killed a cane toad
  1630 | D        | Killed a cane toad
  1630 | D        | Reached ****** piety under Trog
  1631 | D        | Reached XP level 10. HP: 107/107 MP: 9/9
  1633 | D        | Reached skill level 17 in Polearms
  1771 | D        | Received a gift from Trog
  1873 | D        | Reached skill level 10 in Armour
  1881 | D        | Noticed a lindwurm
  1885 | D        | Killed a lindwurm
  1886 | D        | Reached skill level 18 in Polearms
  2002 | D        | Identified the +4 glaive of Wounding {flame, rC+++ Int-4
                  | Dex-3 Stlth+} (Trog gifted it to you in the Dungeon)
  2002 | D        | Received a gift from Trog
  2003 | D        | Noticed Urug
  2010 | D        | Killed Urug
  2011 | D        | Reached skill level 10 in Dodging
  2365 | D        | Reached skill level 19 in Polearms
  2475 | D        | Noticed an orc sorcerer
  2475 | D        | Noticed an orc sorcerer
  2476 | D        | Noticed an orc high priest
  2477 | D        | Noticed a sixfirhy
  2477 | D        | Paralysed by an orc sorcerer for 6 turns
  2478 | D        | Noticed a smoke demon
  2488 | D        | Killed an orc sorcerer
  2488 | D        | Received a gift from Trog
  2489 | D        | Reached XP level 11. HP: 118/118 MP: 10/10
  2491 | D        | Killed an orc sorcerer
  2496 | D        | Noticed an orc sorcerer
  2496 | D        | Killed an orc high priest
  2497 | D        | Reached skill level 20 in Polearms
  2508 | D        | Killed an orc sorcerer
  2508 | D        | Received a gift from Trog
  2519 | D        | Received a gift from Trog
  2520 | D        | Found Fexoca's Book Emporium.
  2750 | D        | Noticed a deep elf pyromancer
  2750 | D        | Noticed a deep elf pyromancer
  2750 | D        | Noticed a deep elf zephyrmancer
  2750 | D        | Noticed a deep elf zephyrmancer
  2750 | D        | Noticed a deep elf knight
  2760 | D        | Killed a deep elf knight
  2762 | D        | Killed a deep elf pyromancer
  2766 | D        | Killed a deep elf zephyrmancer
  2767 | D        | Reached skill level 21 in Polearms
  2768 | D        | Killed a deep elf pyromancer
  2768 | D        | Received a gift from Trog
  2769 | D        | Killed a deep elf zephyrmancer
  2933 | D        | Noticed Sigmund
  2933 | D        | Noticed Edmund
  2945 | D        | Killed Edmund
  2948 | D        | Killed Sigmund
  2949 | D        | Reached skill level 22 in Polearms
  3078 | D        | Received a gift from Trog
  3106 | D        | Noticed an obsidian statue
  3116 | D        | Killed an obsidian statue
  3128 | D        | Found Suit's Magic Scroll Emporium.
  3128 | D        | Found Duir's Antique Weapon Shop.
  3128 | D        | Found Bauqe's Assorted Antiques.
  3128 | D        | Found Keakad's Jewellery Shoppe.
  3128 | D        | Found Akyzood's Antique Armour Boutique.
  3128 | D        | Found Padoafim's Book Emporium.
  3128 | D        | Found Fomoud's Jewellery Shoppe.
  3128 | D        | Found Gynan's Distillery.
  3128 | D        | Found Jehyru's Magic Scroll Shop.
  3128 | D        | Found Elucoeqi's Magic Scroll Emporium.
  3128 | D        | Found Buasatiust's Jewellery Emporium.
  3160 | D        | Bought a scroll of enchant armour for 75 gold pieces
  3172 | D        | Bought a scroll of magic mapping for 45 gold pieces
  3383 | D        | Bought a scroll of enchant weapon for 97 gold pieces
  3389 | D        | Bought a potion of heal wounds for 65 gold pieces
  3389 | D        | Bought a potion of curing for 39 gold pieces
  3389 | D        | Bought a potion of heal wounds for 65 gold pieces
  3389 | D        | Bought a potion of curing for 39 gold pieces
  3389 | D        | Bought a potion of might for 52 gold pieces
  3396 | D        | Bought an amulet of reflection for 420 gold pieces
  3404 | D        | Bought a lumpy green potion for 22 gold pieces
  3404 | D        | Bought a scroll labelled XAITHR HOAGU for 25 gold pieces
  3404 | D        | Bought a scroll labelled QIARIZ TIHI for 25 gold pieces
  3404 | D        | Bought a scroll labelled BULI WAIDOT for 25 gold pieces
  3404 | D        | Bought a large brass ring for 125 gold pieces
  3409 | D        | Acquired 1052 gold pieces
  3449 | D        | Reached skill level 23 in Polearms
  3449 | D        | Reached XP level 12. HP: 122/130 MP: 11/11
  3647 | D        | Noticed a centaur warrior
  3651 | D        | Killed a centaur warrior
  3652 | D        | Reached skill level 15 in Armour
  3700 | D        | Reached skill level 1 in Shields
  3700 | D        | Noticed a fire dragon
  3704 | D        | Killed a fire dragon
  3825 | D        | Received a gift from Trog
  3826 | D        | Reached skill level 24 in Polearms
  3977 | D        | Identified the +4 demon trident of the Shouting Rat {vamp,
                  | Will+ Dex+5}
  4243 | D        | Noticed a two-headed ogre
  4243 | D        | a swamp dragon changed into a two-headed ogre
  4255 | D        | Killed a two-headed ogre
  4258 | D        | Identified the +10 spear of Jelyrphid {vorpal, Str+3 Dex-3
                  | Stlth+} (Trog gifted it to you in the Dungeon)
  4258 | D        | Received a gift from Trog
  4335 | D        | Noticed a yaktaur captain
  4384 | D        | Slain by a yaktaur captain

Illustrated notes

Levels and vault maps discovered:
D:        dungeon_sprint_mu [sprint_mu_entry_cave, sprint_mu_temple_rooms,
          sprint_mu_d1_spiders, sprint_mu_d2_genie, sprint_mu_d3_branching,
          sprint_mu_orc_legion, sprint_mu_elf_gauntlet, sprint_mu_hive_nellie,
          sprint_mu_lair_fedhas, sprint_mu_vaults_butterflies,
          sprint_mu_slime_circle, sprint_mu_swamp_cave, sprint_mu_snake_twists,
          sprint_mu_blade_basic, sprint_mu_crypt_lich, sprint_mu_tomb_spiral,
          sprint_mu_vestibule_basic, sprint_mu_gehenna_hellfire,
          sprint_mu_dis_giant, sprint_mu_tartarus_statrot,
          sprint_mu_cocytus_islands, sprint_mu_zot1]

Skill      XL: |  1  2  3  4  5  6  7  8  9 10 11 12 |
---------------+-------------------------------------+-----
Fighting       | 5 6 8 11 12 14 16 17 19 20 | 20.7
Polearms       | 5 6 8 11 12 14 16 19 23 24 | 24.8
Armour         | 3 4 6 8 9 11 14 16 | 16.2
Dodging        | 3 4 6 7 9 10 | 10.0
Stealth        | 1 2 3 4 5 |  5.4
Unarmed Combat | 1 2 3 |  3.0
Evocations     | 2 3 4 |  4.4
Shields        | 2 |  2.3

Action                   |  1- 3 |  4- 6 |  7- 9 | 10-12 || total
-------------------------+-------+-------+-------+-------++-------
Melee: Spear             |    14 |    40 |    54 |       ||   108
       Unarmed           |     8 |       |       |       ||     8
       Headbutt          |     1 |     3 |    13 |    33 ||    50
       Punch             |       |     1 |     4 |       ||     5
       Bardiche          |       |       |    33 |   183 ||   216
Invok: Berserk           |     2 |     3 |     4 |     7 ||    16
Evoke: Wand              |       |       |     7 |       ||     7
       Phantom mirror    |       |       |       |     1 ||     1
  Use: Potion            |       |     2 |     2 |     2 ||     6
       Scroll            |       |       |     1 |     7 ||     8
 Stab: Sleeping          |     2 |       |       |       ||     2
Armor: Animal skin       |     1 |     2 |     1 |       ||     4
       Plate armour      |       |       |    10 |    30 ||    40
Dodge: Dodged            |     9 |     7 |    23 |    47 ||    86
Block: Other             |       |       |       |     7 ||     7
       Reflection        |       |       |       |     2 ||     2

Table legend: (Time is in decaauts)
 A = Elapsed time spent in this place.
 B = Non-inter-level travel time spent in this place.
 C = Inter-level travel time spent in this place.
 D = Time resting spent in this place.
 E = Time spent auto-exploring this place.
 F = Levels seen in this place.
 G = Mean time per level.
                   A        B        C        D        E       F      G
               +--------+--------+--------+--------+--------+-----+--------+
         Total |   4430 |   4430 |      0 |   3085 |    220 |   1 | 4430.0 |
       Dungeon |   4430 |   4430 |      0 |   3085 |    220 |   1 | 4430.0 |
               +--------+--------+--------+--------+--------+-----+--------+

Top non-repeatable levels by time:
       D: 4430 daAuts
